 Dungeon Crawl Stone Soup version 0.21.1-1-g345015f (webtiles) character file.

7116 lyrx the Unseen (level 10, -6/49 HPs)
             Began as a Spriggan Enchanter on Mar 3, 2018.
             Was an Elder of Dithmenos.
             Mangled by a two-headed ogre
             ... wielding a +0 giant spiked club
              (15 damage)
             ... while paralysed by an ogre mage
             ... on level 1 of the Orcish Mines.
             The game lasted 01:51:52 (11420 turns).

lyrx the Unseen (Spriggan Enchanter)               Turns: 11420, Time: 01:51:53

Health: -6/49      AC:  9    Str:  4    XL:     10   Next: 85%
Magic:  13/16      EV:  4    Int: 18    God:    Dithmenos [****..]
Gold:   490        SH:  0    Dex: 19    Spells: 7/16 levels left

rFire    + . .     SeeInvis +   F - +1 dagger (freeze)
rCold    . . .     Gourm    .   (shield restricted)
rNeg     . . .     Faith    .   b - +1 robe
rPois    .         Spirit   .   m - +2 hat
rElec    .         Reflect  .   (no cloak)
rCorr    .         Harm     .   (gloves unavailable)
MR       +....                  (boots unavailable)
Stlth    +++++++++.             (no amulet)
HPRegen  0.16/turn              u - +4 ring of protection
MPRegen  0.15/turn              C - ring of protection from fire

@: paralysed, wreathed by umbra, very quick
A: very small, unfitting armour, see invisible, herbivore, speed 3, slow
metabolism 2
a: Shadow Step, Renounce Religion


You were on level 1 of the Orcish Mines.
You worshipped Dithmenos.
Dithmenos was greatly pleased with you.
You were not hungry.

You visited 3 branches of the dungeon, and saw 11 of its levels.

You collected 506 gold pieces.
You spent 16 gold pieces at shops.

Inventory:

Hand Weapons
 f - a +2 dagger of electrocution
 k - a +1 dagger of holy wrath
 q - a +1 dagger of protection
 F - a +1 dagger of freezing (weapon)
Missiles
 w - 112 arrows
Armour
 b - a +1 robe (worn)
 m - a +2 hat (worn)
Jewellery
 u - a +4 ring of protection (left hand)
 C - a ring of protection from fire (right hand)
Wands
 x - a wand of acid (6)
Scrolls
 e - 2 scrolls of amnesia
 j - 4 scrolls of enchant armour
 l - 2 scrolls of identify
 r - 3 scrolls of remove curse
 v - 3 scrolls of magic mapping
 y - a scroll of fear
 D - 2 scrolls of teleportation
Potions
 a - 2 potions of curing
 g - 2 potions of magic
 h - a potion of agility
 i - 2 potions of invisibility
 n - 2 potions of haste
 o - 2 potions of brilliance
 p - a potion of berserk rage
 t - a potion of might
 z - a potion of mutation
Books
 c - a book of Maledictions

   Spells                             Type                      Level
   a - Corona                         Hexes                        1
   b - Ensorcelled Hibernation        Hexes/Ice                    2
   c - Confuse                        Hexes                        3
   d - Tukima's Dance                 Hexes                        3
   e - Dazzling Spray                 Conjuration/Hexes            3
 s - a book of Misfortune

   Spells                             Type                      Level
   a - Confusing Touch                Hexes                        1
   b - Confuse                        Hexes                        3
   c - Gell's Gravitas                Translocation                3
   d - Petrify                        Transmutation/Earth          4
   e - Metabolic Englaciation         Hexes/Ice                    5
   f - Yara's Violent Unravelling     Hexes/Transmutation          5
Miscellaneous
 A - a sack of spiders
 B - a crystal ball of energy
Comestibles
 d - 19 rations


   Skills:
 + Level 3.0 Fighting
 * Level 10.0 Short Blades
 + Level 8.2 Dodging
 + Level 17.4 Stealth
 + Level 3.9 Spellcasting
 + Level 4.6 Hexes


You had 7 spell levels left.
You knew the following spells:

 Your Spells              Type           Power        Failure   Level  Hunger
a - Corona                Hex            ###....      2%          1    None
b - Ensorcelled Hibernat  Hex/Ice        ##....       9%          2    ##.....
c - Confuse               Hex            ###.....     7%          3    ###....
d - Tukima's Dance        Hex            ###.....     7%          3    ###....


Dungeon Overview and Level Annotations

Branches:
Dungeon (9/15)             Temple (1/1) D:6             Orc (1/2) D:9
   Lair: D:8-11

Altars:
Ashenzari
Cheibriados
Dithmenos
Elyvilon
Fedhas
Gozag
Hepliaklqana
Kikubaaqudgha
Makhleb
Nemelex Xobeh
Okawaru
Qazlal
Ru
Sif Muna
Trog
Uskayaw
Vehumet
Wu Jian
Xom
Yredelemnul
Zin
The Shining One

Shops:
D:8 !   Orc:1 (


Innate Abilities, Weirdness & Mutations

You are very small and have problems with some larger weapons.
You are too small for most types of armour.
You have supernaturally acute eyesight. (SInv)
You are a herbivore.
You cover ground extremely quickly.
You need consume almost no food.


Message History

You hit the ogre mage. You freeze the ogre mage.
The ogre mage is almost dead.
Your shadow hits the ogre mage but does no damage.
You hit the ogre mage but do no damage.
The ogre mage is almost dead.
The ogre mage gestures wildly while chanting.
The ogre mage seems to speed up.
You hit the ogre mage. You freeze the ogre mage.
The ogre mage is almost dead.
The ogre mage casts a spell at you. The bolt of lightning misses you.
The ogre mage points at you and mumbles some strange words.
You suddenly lose the ability to move!
The two-headed ogre hits you with a giant spiked club!
The two-headed ogre barely misses you. The ogre mage hits you with a club!
The two-headed ogre hits you with a giant spiked club!!
* * * LOW HITPOINT WARNING * * *
You emit a cloud of dark smoke.
The two-headed ogre hits you with a giant club!
You die...

### ##.####
#.....## ###
.......## ####.##
........#
##.#...# ...#.).#
#...#.## ..<#)..#
##.##.## .......#
#..#§..# ##÷..###
##.§@§.## ....##
##...OO.## ....#
##...#....##
.####
###....#.....#
..#
#.#)...#....##
.##
###.)#)).......#
##
##.#..##.....#.##
###
##......#########
..###..........##


You could see a two-headed ogre and an ogre mage.

Vanquished Creatures
  A cyclops (D:8)
  A troll (D:7)
  Grinder (D:5)
  A vampire (D:9)
  A human (D:7)
  The ghost of aMcNicky the Slasher, an amateur MiFi (D:4)
  A yak (D:7)
  Grum (D:8)
  3 hogs (D:7)
  Menkaure (D:4)
  9 orc warriors
  2 ice beasts
  A black bear (D:7)
  2 necrophages
  3 centaurs
  6 ogres
  4 wolves (D:8)
  4 bullfrogs
  5 big kobolds
  Blork the orc (D:6)
  4 scorpions
  6 killer bees (D:9)
  4 howler monkeys
  4 crimson imps
  2 bullfrog zombies
  2 quasits (D:7)
  2 jellies (D:7)
  6 orc priests
  3 hounds
  8 orc wizards
  A bullfrog skeleton (D:5)
  Crazy Yiuf (D:3)
  Jessica (D:2)
  2 iguanas (D:8)
  4 worker ants
  A killer bee zombie (D:7)
  A hound zombie (D:6)
  A hound skeleton (D:5)
  A howler monkey zombie (D:9)
  A worker ant zombie (D:6)
  4 gnolls (D:9)
  13 adders
  2 shadow imps
  3 oozes
  An adder zombie (D:6)
  An adder skeleton (D:9)
  A worm (D:4)
  6 leopard geckos
  33 orcs
  4 giant cockroaches
  4 hobgoblins
  19 jackals
  32 kobolds
  2 quokkas
  5 bats
  3 frilled lizards
  5 goblins
  A jackal skeleton (D:9)
  A jackal zombie (D:3)
  A leopard gecko skeleton (D:5)
  A leopard gecko zombie (D:5)
  9 rats
  4 bushes (D:4)
  A fungus (D:3)
260 creatures vanquished.

Notes
Turn   | Place    | Note
-------+----------+-------------------------------------------
     0 | D:1      | lyrx the Spriggan Enchanter began the quest for the Orb.
     0 | D:1      | Reached XP level 1. HP: 9/9 MP: 5/5
   633 | D:1      | Reached skill level 5 in Stealth
   723 | D:1      | Reached XP level 2. HP: 13/13 MP: 6/6
   933 | D:1      | You fall through a shaft!
   933 | D:2      | Found a bloodstained altar of Trog.
   933 | D:2      | Found an iron altar of Okawaru.
   933 | D:2      | Found a shimmering altar of Xom.
  1323 | D:2      | Learned a level 2 spell: Ensorcelled Hibernation
  1633 | D:2      | Reached XP level 3. HP: 16/16 MP: 8/8
  1783 | D:2      | Reached skill level 6 in Stealth
  1946 | D:2      | Noticed Jessica
  1964 | D:2      | Killed Jessica
  1964 | D:2      | Reached skill level 7 in Stealth
  1964 | D:2      | Reached XP level 4. HP: 20/21 MP: 6/9
  2328 | D:3      | Found a runed door.
  2573 | D:3      | Noticed a bullfrog
  2576 | D:3      | Killed a bullfrog
  2576 | D:3      | Reached skill level 8 in Stealth
  2576 | D:3      | Reached XP level 5. HP: 24/24 MP: 10/10
  2616 | D:3      | Found a shadowy altar of Dithmenos.
  2645 | D:3      | Became a worshipper of Dithmenos the Shadowed
  2860 | D:3      | Noticed Crazy Yiuf
  2925 | D:3      | Killed Crazy Yiuf
  2925 | D:3      | Reached skill level 9 in Stealth
  3106 | D:4      | Reached XP level 6. HP: 28/28 MP: 11/11
  3184 | D:4      | Reached skill level 10 in Stealth
  3452 | D:4      | Found an ancient bone altar of Kikubaaqudgha.
  3453 | D:4      | Found a white marble altar of Elyvilon.
  3500 | D:4      | Found the +0 sword of Power
  3512 | D:4      | Noticed aMcNicky's ghost (amateur MiFi)
  3728 | D:4      | Learned a level 3 spell: Confuse
  3732 | D:4      | Learned a level 3 spell: Tukima's Dance
  4316 | D:4      | Killed aMcNicky's ghost
  4316 | D:4      | Reached skill level 11 in Stealth
  4316 | D:4      | Reached XP level 7. HP: 20/32 MP: 5/12
  4455 | D:4      | Noticed Menkaure
  4460 | D:4      | Killed Menkaure
  4634 | D:5      | Entered Level 5 of the Dungeon
  4923 | D:5      | Found a stormy altar of Qazlal.
  4985 | D:5      | Reached * piety under Dithmenos
  5040 | D:5      | Reached skill level 1 in Fighting
  5040 | D:5      | Reached skill level 5 in Short Blades
  5066 | D:5      | Found a hide-covered altar of Uskayaw.
  5067 | D:5      | Noticed Grinder
  5086 | D:5      | Killed Grinder
  5086 | D:5      | Reached skill level 12 in Stealth
  5086 | D:5      | Reached XP level 8. HP: 37/37 MP: 6/13
  5407 | D:6      | Noticed Blork the orc
  5414 | D:6      | Killed Blork the orc
  5529 | D:6      | Found a glowing golden altar of the Shining One.
  5572 | D:6      | Reached skill level 13 in Stealth
  5656 | D:6      | Found an ornate altar of the Wu Jian Council.
  5835 | D:6      | Found a staircase to the Ecumenical Temple.
  5846 | Temple   | Entered the Ecumenical Temple
  6518 | D:7      | Noticed a troll
  6632 | D:7      | Found a burning altar of Makhleb.
  6779 | D:7      | Reached ** piety under Dithmenos
  6794 | D:7      | Reached XP level 9. HP: 42/42 MP: 14/14
  6799 | D:7      | Reached skill level 14 in Stealth
  6927 | D:7      | Reached skill level 15 in Stealth
  7021 | D:7      | Killed a troll
  7021 | D:7      | Reached skill level 5 in Dodging
  7461 | D:7      | Found a blossoming altar of Fedhas.
  7699 | D:8      | Found Viteif's Distillery.
  7843 | D:8      | Noticed a cyclops
  7944 | D:8      | Noticed Grum
  8258 | D:8      | Bought a potion of degeneration for 16 gold pieces
  8594 | D:8      | Reached skill level 16 in Stealth
  8626 | D:8      | Reached XP level 10. HP: 35/47 MP: 15/15
  8901 | D:8      | Reached *** piety under Dithmenos
  9057 | D:8      | Found a basalt altar of Yredelemnul.
  9081 | D:8      | Found a shattered altar of Ashenzari.
  9195 | D:8      | Killed Grum
  9553 | D:8      | Killed a cyclops
  9738 | D:9      | Found a bloodstained altar of Trog.
 10213 | D:9      | Got a crude ring mail
 10403 | D:9      | Reached **** piety under Dithmenos
 10487 | D:9      | Reached skill level 17 in Stealth
 10614 | D:9      | Found a staircase to the Orcish Mines.
 11014 | Orc:1    | Entered Level 1 of the Orcish Mines
 11016 | Orc:1    | Reached skill level 10 in Short Blades
 11036 | Orc:1    | Found Zemif's Antique Weapon Shoppe.
 11039 | Orc:1    | Found a burning altar of Makhleb.
 11340 | Orc:1    | Noticed a two-headed ogre
 11346 | Orc:1    | Noticed an ogre mage
 11357 | Orc:1    | Noticed a two-headed ogre
 11358 | Orc:1    | Noticed a two-headed ogre
 11358 | Orc:1    | Noticed a two-headed ogre
 11418 | Orc:1    | Paralysed by an ogre mage for 7 turns
 11420 | Orc:1    | Mangled by a two-headed ogre

Skill      XL: |  1  2  3  4  5  6  7  8  9 10 |
---------------+-------------------------------+-----
Stealth        | 5 7 8 9 11 12 13 16 17 | 17.4
Hexes          | 4 |  4.6
Spellcasting   | 3 |  3.9
Short Blades   | 2 3 5 6 8 10 | 10.0
Fighting       | 1 2 3 |  3.0
Dodging        | 4 6 8 |  8.2

Action                   |  1- 3 |  4- 6 |  7- 9 | 10-12 || total
-------------------------+-------+-------+-------+-------++-------
Melee: Dagger            |   129 |   265 |   268 |   313 ||   975
 Fire: Blowgun           |       |    19 |       |       ||    19
 Cast: Ensorcelled Hiber |     6 |    15 |    29 |    31 ||    81
       Confuse           |       |     4 |     3 |       ||     7
       Tukima's Dance    |       |     3 |       |       ||     3
       Corona            |       |     2 |       |     1 ||     3
Evoke: Wand              |       |       |       |     2 ||     2
  Use: Scroll            |     5 |     6 |     9 |     4 ||    24
       Potion            |       |     2 |     3 |     4 ||     9
 Stab: Sleeping          |    15 |    17 |    34 |    22 ||    88
       Distracted        |       |     2 |     3 |     5 ||    10
       Confused          |       |     1 |     1 |       ||     2
  Eat: Ration            |     1 |     1 |     4 |     1 ||     7
Armor: Robe              |    12 |    18 |    24 |    13 ||    67
Dodge: Dodged            |    87 |    79 |   170 |   214 ||   550
